 Dungeon Crawl Stone Soup version 0.23.0 (webtiles) character file.

Game seed: 13646200151591458484

42 Inarius the Ducker (level 3, 0/30 HPs)
             Began as a Minotaur Venom Mage on Feb 14, 2019.
             Slain by an adder (4 damage)
             ... on level 2 of the Dungeon.
             The game lasted 00:01:59 (1383 turns).

Inarius the Ducker (Minotaur Venom Mage)            Turns: 1383, Time: 00:02:00

Health: 0/30       AC:  2    Str: 13    XL:     3   Next: 33%
Magic:  4/4        EV: 12    Int: 12    God:
Gold:   56         SH:  0    Dex: 10    Spells: 3/4 levels left

rFire    . . .     SeeInvis .   j - +0 short sword
rCold    . . .     Gourm    .   (no shield)
rNeg     . . .     Faith    +   a - +0 robe
rPois    .         Spirit   .   (helmet restricted)
rElec    .         Reflect  .   (no cloak)
rCorr    .         Harm     .   (no gloves)
MR       .....                  (no boots)
Stlth    ++........             i - amulet of faith
HPRegen  0.10/turn              (no ring)
MPRegen  0.09/turn              (no ring)

@: lethally poisoned (0 -> -6), hasted, very quick
A: retaliatory headbutt, horns 2
a: no special abilities


You were on level 2 of the Dungeon.
You were near starving.

You visited 1 branch of the dungeon, and saw 2 of its levels.

You collected 56 gold pieces.

Inventory:

Hand Weapons
 j - a +0 short sword (weapon)
Armour
 a - a +0 robe (worn)
Jewellery
 i - an amulet of faith (around neck)
Scrolls
 d - a scroll of immolation {unknown}
 e - a scroll of remove curse {unknown}
 g - 2 scrolls of fear {unknown}
 h - a scroll of teleportation {unknown}
Potions
 b - a potion of degeneration {unknown}
 m - a potion of resistance {unknown}
 n - a potion of might {unknown}
Comestibles
 c - 2 rations


   Skills:
 * Level 2.4 Fighting
 + Level 0.4 Short Blades
 + Level 3.0 Dodging
 - Level 1.5 Stealth
 + Level 0.7 Unarmed Combat
 - Level 1.3 Spellcasting
 - Level 0.6 Conjurations
 - Level 2.1 Poison Magic


You had 3 spell levels left.
You knew the following spells:

 Your Spells              Type           Power        Failure   Level  Hunger
a - Sting                 Conj/Pois      #...         17%         1    ##.....

Your spell library contained the following spells:

 Spells                   Type           Power        Failure   Level  Hunger
 Poisonous Vapours        Pois/Air       #.....       28%         2    ###....
 Mephitic Cloud           Conj/Pois/Air  #.......     52%         3    ####...
 Olgreb's Toxic Radiance  Pois           #.......     75%         4    #####..
 Venom Bolt               Conj/Pois      #.........   99%         5    ######.


Dungeon Overview and Level Annotations

Branches:
Dungeon (2/15)

Altars:


Innate Abilities, Weirdness & Mutations

You reflexively headbutt those who attack you in melee.
You have a pair of horns on your head.


Message History

The adder is severely wounded.
The adder bites you.
* * * LOW HITPOINT WARNING * * *
You miss the adder.
The adder is severely wounded.
You feel sick. The adder completely misses you. The adder bites you.
* * * LOW HITPOINT WARNING * * *
You are lethally poisoned!
The adder poisons you!
You closely miss the adder.
The adder is severely wounded.
The adder barely misses you.
It was a potion of haste.
You feel yourself speed up.
* * * LOW HITPOINT WARNING * * *
You feel sick. The adder completely misses you.
You hit the adder.
The adder is severely wounded.
* * * LOW HITPOINT WARNING * * *
You feel sick. The adder bites you.
You die...

.#
###########.#.
#.......[.....
#.............
#.....=.......
#...........# #
#.....S....?#.#
#.....@.......
#...........#.
#...........#
#...........#
#...........#
#...........#
#...........#
#...#########
#[###


You could see an adder.

Vanquished Creatures
  A worker ant (D:2)
  5 bats (D:1)
  3 giant cockroaches (D:1)
  2 goblins (D:1)
  A quokka (D:2)
  A frilled lizard (D:1)
  A kobold (D:1)
  7 rats (D:1)
21 creatures vanquished.

Notes
Turn   | Place    | Note
-------+----------+-------------------------------------------
     0 | D:1      | Inarius the Minotaur Venom Mage began the quest for the
                  | Orb.
     0 | D:1      | Reached XP level 1. HP: 14/14 MP: 1/1
   225 | D:1      | Reached skill level 1 in Fighting
   383 | D:1      | Reached XP level 2. HP: 22/23 MP: 3/3
  1215 | D:2      | Reached skill level 3 in Dodging
  1215 | D:2      | Reached XP level 3. HP: 4/30 MP: 1/4
  1383 | D:2      | Slain by an adder

Skill      XL: |  1  2 |
---------------+-------+-----
Fighting       | 1 2 |  2.4
Dodging        | 3 |  3.0
Short Blades   | |  0.4
Stealth        | |  1.5
Unarmed Combat | |  0.7
Spellcasting   | |  1.3
Conjurations   | |  0.6
Poison Magic   | |  2.1

Action                   || total
-------------------------++-------
Melee: Unarmed           ||    45
       Headbutt          ||     6
       Short sword       ||    38
 Cast: Sting             ||     5
  Use: Potion            ||     2
 Stab: Sleeping          ||     2
Armor: Robe              ||    28
Dodge: Dodged            ||    61
